 Dungeon Crawl Stone Soup version 0.29-a0-194-g6e3aafee17 (webtiles) character file.

Game seed: 13193156782549100679

95 Bearnado the Poker (level 4, -2/40 HPs)
             Began as a Minotaur Berserker on Feb 22, 2022.
             Was a Believer of Trog.
             Slain by Sigmund
             ... wielding a +0 scythe
              (9 damage)
             ... on level 3 of the Dungeon.
             The game lasted 00:07:26 (2035 turns).

Bearnado the Poker (Minotaur Berserker)             Turns: 2035, Time: 00:07:27

Health: -2/40      AC:  9    Str: 23    XL:     4   Next: 40%
Magic:  3/3        EV:  8    Int:  4    God:    Trog [**....]
Gold:   57         SH:  0    Dex: 10    Spells: 3/3 levels left

rFire   . . .      SeeInvis .   n - +0 long sword
rCold   . . .      Faith    .   (no shield)
rNeg    + . .      Spirit   .   f - +0 chain mail
rPois   .          Reflect  .   (helmet restricted)
rElec   .          Harm     .   i - scarf {+Inv}
rCorr   .          Rampage  .   (no gloves)
Will    .....                   (no boots)
Stlth   ..........              (no amulet)
HPRegen 0.13/turn               c - ring of positive energy
MPRegen 0.08/turn               (no ring)

@: on berserk cooldown, slowed, very slow
A: horns 2, retaliatory headbutt
a: Renounce Religion, Evoke Invisibility, Berserk, Trog's Hand


You were on level 3 of the Dungeon.
You worshipped Trog.
Trog was pleased with you.
You visited 1 branch of the dungeon, and saw 3 of its levels.

You collected 57 gold pieces.

Inventory:

Hand Weapons
 a - a +0 spear
 n - a +0 long sword (weapon)
Missiles
 d - 11 poisoned darts (quivered)
Armour
 b - a +0 animal skin
 f - a +0 chain mail (worn)
 i - a scarf of invisibility (worn)
Jewellery
 c - a ring of positive energy (left hand)
 t - an amulet of the acrobat
Scrolls
 e - 3 scrolls of fog
 j - a scroll of enchant armour {unknown}
 m - 2 scrolls of identify
 o - a scroll of brand weapon {unknown}
 p - a scroll of summoning {unknown}
 q - a scroll of teleportation {unknown}
 r - a scroll of fear {unknown}
 s - a scroll of noise {unknown}
Potions
 k - a potion of curing {unknown}
 l - 2 potions of flight {unknown}
 u - 2 potions of heal wounds {unknown}
 v - a potion of attraction {unknown}
 w - a potion of might {unknown}


   Skills:
 + Level 4.1 Fighting
 + Level 0.4 Long Blades
 + Level 5.4 Polearms
 + Level 3.0 Armour
 + Level 2.4 Dodging


You had 3 spell levels left.
You didn't know any spells.
Your spell library was empty.

Dungeon Overview and Level Annotations

Branches:
Dungeon (3/15)

Altars:
Yredelemnul

Annotations:
D:3 Sigmund


Innate Abilities, Weirdness & Mutations

You have a pair of horns on your head.
You reflexively headbutt those who attack you in melee.


Message History

You are exhausted.
You feel yourself slow down.
A magic dart appears from out of thin air!
The magic dart hits you.
An orc comes into view. It is wielding a +0 dagger.
The orc shouts!
You hear a shout!
Something hits you but does no damage.
The orc throws a boomerang.
You miss something.
You feel less confused. Something hits you!
The orc throws a boomerang.
The boomerang completely misses you.
An orc comes into view. It is wielding a +2 dagger of venom.
Something hits you but does no damage.
You hear some strange, mumbled words.
Something tries to affect you, but you resist.
The orc shouts!
You hear a shout!
You hear some strange, mumbled words.
Something tries to affect you, but you resist.
The orc throws a boomerang.
The boomerang hits you but does no damage.
An orc comes into view. It is wielding a +0 mace.
Something hits you!
A magic dart appears from out of thin air!
The magic dart hits you.
* * * LOW HITPOINT WARNING * * *
As you read the scroll labelled GYSTAO HOCEE, it crumbles to dust.
It is a scroll of identify.
e - 3 scrolls of fog Something hits you.
* * * LOW HITPOINT WARNING * * *
As you read the scroll labelled TENLEN ROIG, it crumbles to dust.
It is a scroll of enchant weapon.
Okay, then.
Something hits you.
* * * LOW HITPOINT WARNING * * *
Blink to where?
Press: ? - help, Dir - move target
Okay, then.
As you read the scroll labelled UPNEWUO ZYAMP, it crumbles to dust.
It was a scroll of blinking.
Something hits you!
You die...

#............##
#...........##.#
#
###########.##.#
# #.##.# #
#.##.# #.##.#
#.##.# #.##.#
#@##.# #.# #.#
#o# #o< ....
...?. ......o
........


You could see 2 orcs.

Vanquished Creatures
  Robin (D:2)
  2 adders
  4 worms (D:2)
  A dart slug (D:1)
  2 endoplasms
  2 giant cockroaches (D:2)
  13 goblins
  4 hobgoblins (D:2)
  4 jackals (D:2)
  A quokka (D:1)
  4 ball pythons
  3 bats (D:1)
  2 frilled lizards
  5 kobolds
  3 rats (D:1)
51 creatures vanquished.

Vanquished Creatures (others)
  A plant (D:2)
  2 withered plants (D:1)
3 creatures vanquished.

Grand Total: 54 creatures vanquished

Notes
Turn   | Place    | Note
-------+----------+-------------------------------------------
     0 | D:1      | Bearnado the Minotaur Berserker began the quest for the
                  | Orb.
     0 | D:1      | Reached XP level 1. HP: 19/19 MP: 0/0
   129 | D:1      | Reached XP level 2. HP: 22/27 MP: 1/1
   229 | D:1      | Found a faded altar of an unknown god.
   249 | D:1      | Reached skill level 4 in Polearms
   796 | D:2      | Reached ** piety under Trog
   797 | D:2      | Reached XP level 3. HP: 33/33 MP: 2/2
  1016 | D:2      | Reached skill level 5 in Polearms
  1192 | D:2      | Noticed Robin
  1219 | D:2      | Killed Robin
  1220 | D:2      | Reached XP level 4. HP: 34/40 MP: 3/3
  1981 | D:3      | Found a basalt altar of Yredelemnul.
  2019 | D:3      | Noticed Sigmund
  2035 | D:3      | Slain by Sigmund

Illustrated notes

Levels and vault maps discovered:
D:1:      amcnicky_arrival_underground_garden, layout_loops_ring,
          ebering_ecumenical_altar_petrified
D:2:      layout_basic, guppyfry_early_lair_pool, uniq_robin
D:3:      layout_basic, yredelemnul_altar_generic, general_overflow_altar,
          grunt_dithmenos_smoke, gup_sewer_entry_bowl, uniq_sigmund

Skill      XL: |  1  2  3  4 |
---------------+-------------+-----
Polearms       | 4 5 |  5.4
Fighting       | 4 |  4.1
Armour         | 3 |  3.0
Long Blades    | |  0.4
Dodging        | |  2.4

Action                   |  1- 3 |  4- 6 || total
-------------------------+-------+-------++-------
Melee: Spear             |    87 |       ||    87
       Headbutt          |    13 |     5 ||    18
       Long sword        |    15 |    30 ||    45
       Punch             |     1 |       ||     1
Invok: Berserk           |     1 |     1 ||     2
       Trog's Hand       |     1 |       ||     1
  Use: Scroll            |       |     3 ||     3
Armor: Animal skin       |     3 |       ||     3
       Chain mail        |    29 |    25 ||    54
Dodge: Dodged            |    39 |    14 ||    53

Table legend: (Time is in decaauts)
 A = Elapsed time spent in this place.
 B = Non-inter-level travel time spent in this place.
 C = Inter-level travel time spent in this place.
 D = Time resting spent in this place.
 E = Time spent auto-exploring this place.
 F = Levels seen in this place.
 G = Mean time per level.
                   A        B        C        D        E       F      G
               +--------+--------+--------+--------+--------+-----+--------+
         Total |   2052 |   1972 |     80 |    100 |   1404 |   3 |  684.0 |
       Dungeon |   2052 |   1972 |     80 |    100 |   1404 |   3 |  684.0 |
               +--------+--------+--------+--------+--------+-----+--------+

Top non-repeatable levels by time:
     D:2: 1069 daAuts
     D:1: 745 daAuts
     D:3: 237 daAuts
